 Dungeon Crawl Stone Soup version 0.20-a0-1124-g2e29d97 (webtiles) character file.

95 EvilAshe the Grasshopper (level 4, -3/29 HPs)
             Began as a Halfling Warper on May 16, 2017.
             Killed by divine providence
             ... invoked by an orc priest
              (10 damage)
             ... on level 3 of the Dungeon.
             The game lasted 00:08:04 (3099 turns).

EvilAshe the Grasshopper (Halfling Warper)          Turns: 3099, Time: 00:08:04

Health: -3/29      AC:  3    Str: 12    XL:     4   Next: 95%
Magic:  4/6        EV: 15    Int: 12    God:
Gold:   111        SH:  0    Dex: 13    Spells: 1/6 levels left

rFire    . . .     SeeInvis .   a - +0 falchion
rCold    . . .     Gourm    .   (shield restricted)
rNeg     . . .     Faith    .   b - +0 leather armour
rPois    .         Spirit   .   (no helmet)
rElec    .         Reflect  .   (no cloak)
rCorr    .         Harm     .   (no gloves)
MR       .....                  (no boots)
Stlth    +.........             (no amulet)
Regen    0.1/turn               (no ring)
MPRegen  0.1/turn               (no ring)

@: no status effects
A: mutation resistance 1
a: no special abilities


You were on level 3 of the Dungeon.
You were hungry.

You visited 1 branch of the dungeon, and saw 3 of its levels.

You collected 111 gold pieces.

Inventory:

Hand Weapons
 a - a +0 falchion (weapon)
Missiles
 e - 5 tomahawks of dispersal (quivered)
Armour
 b - a +0 leather armour (worn)
Scrolls
 d - 2 scrolls of blinking
 g - 2 scrolls of remove curse {unknown}
 l - 2 scrolls of fear {unknown}
 m - a scroll of teleportation {unknown}
 o - 3 scrolls of identify {unknown}
 p - a scroll of enchant weapon {unknown}
 r - a scroll of enchant armour {unknown}
Potions
 h - 2 potions of heal wounds {unknown}
 i - a potion of might {unknown}
 j - a potion of cancellation {unknown}
 k - 2 potions of lignification {unknown}
 n - a potion of curing {unknown}
 q - 2 potions of invisibility {unknown}
Books
 c - a book of Spatial Translocations

   Spells                             Type                      Level
   a - Blink                          Translocation                2
   b - Shroud of Golubria             Charms/Translocation         2
   c - Lesser Beckoning               Translocation                3
   d - Gell's Gravitas                Translocation                3
   e - Teleport Other                 Translocation                3
   f - Passage of Golubria            Translocation                4
Comestibles
 f - 3 bread rations


   Skills:
 - Level 2.1 Fighting
 * Level 3.4 Long Blades
 - Level 1.0 Throwing
 - Level 1.1 Armour
 + Level 3.4 Dodging
 - Level 1.5 Spellcasting
 + Level 3.7 Translocations


You had one spell level left.
You knew the following spells:

 Your Spells              Type           Power        Failure   Level  Hunger
b - Blink                 Tloc           N/A          12%         2    ###....
t - Teleport Other        Tloc           #.......     24%         3    ####...


Dungeon Overview and Level Annotations

Branches:
Dungeon (3/15)

Altars:
Ru


Innate Abilities, Weirdness & Mutations

You are small and have problems with some larger weapons.
You are somewhat resistant to further mutation.


Message History

The orc priest looks slightly unstable.
The orc priest casts a cantrip, but nothing happens.
The orc priest disappears!
The orc wizard gestures wildly while chanting.
The orc wizard seems to speed up.
The orc wizard gestures at you while chanting.
The magic dart hits you! The orc wizard casts a spell at you.
You resist with some effort.
The leopard gecko hisses menacingly.
The orc wizard points at you and mumbles some strange words.
The magic dart hits you!
The orc wizard mumbles some strange words.
The orc wizard blinks!
The orc priest calls down the wrath of Beogh upon you.
Beogh smites you!
* * * LOW HITPOINT WARNING * * *
The orc priest mumbles some strange prayers to Beogh against you.
Beogh smites you!
You die...

..## ### ... ...###### #### #.#
S. ....##..### ###..# #.# .
....##....####.l..######.+### ###
....##.##..lo..#o##...##....# #..
...........#####.##......########
...###.##.## #.##..............
....##..#.# ##.##..###.######.#
........(..####.@....###.##.# #.#
#########........##..##..#..###..
#.........................
##.##...##..##.###.######.
#.#....#..##..# #.# #.
#............####.# ##
###.#...>#....##..# # #.##.....##
#.## # # #.##.#..## #.# #


You could see an orc priest and a leopard gecko.

Vanquished Creatures
  3 adders
  2 dart slugs (D:1)
  2 leopard geckos
  An orc (D:3)
  7 bats
  2 giant cockroaches
  A hobgoblin (D:3)
  6 jackals
  2 quokkas
  A ball python (D:1)
  7 frilled lizards
  10 goblins
  9 kobolds
  10 rats
63 creatures vanquished.

Notes
Turn   | Place    | Note
-------+----------+-------------------------------------------
     0 | D:1      | EvilAshe the Halfling Warper began the quest for the Orb.
     0 | D:1      | Reached XP level 1. HP: 14/14 MP: 3/3
   345 | D:1      | Reached XP level 2. HP: 17/19 MP: 4/4
   797 | D:1      | Reached XP level 3. HP: 19/24 MP: 5/5
   862 | D:1      | Learned a level 2 spell: Blink
  1537 | D:2      | Reached XP level 4. HP: 7/29 MP: 6/6
  2085 | D:2      | Found a faded altar of an unknown god.
  2228 | D:2      | Learned a level 3 spell: Teleport Other
  2995 | D:3      | Found a sacrificial altar of Ru.
  3099 | D:3      | Killed from afar by an orc priest

Vault maps used:
D:1:      scummos_arrival_gate
D:2:      chequers_ecumenical_altar_island, minmay_misc_feat_diagonals,
          eino_tiny_chamber
D:3:      lemuel_coloured_pillars_altar, nicolae_ru_great_annihilating_truth

Skill      XL: |  1  2  3  4 |
---------------+-------------+-----
Fighting       | 2 |  2.1
Dodging        | 3 |  3.4
Long Blades    | 3 |  3.4
Throwing       | |  1.0
Armour         | |  1.1
Spellcasting   | |  1.5
Translocations | |  3.7

Action                   |  1- 3 |  4- 6 || total
-------------------------+-------+-------++-------
Melee: Falchion          |   131 |    89 ||   220
 Cast: Teleport Other    |       |     4 ||     4
 Stab: Sleeping          |     1 |     1 ||     2
  Eat: Chunk             |     2 |     5 ||     7
Armor: Leather armour    |    19 |    16 ||    35
Dodge: Dodged            |   120 |    87 ||   207
       Rpst.: Falchion   |    44 |    30 ||    74
